Map: [ESL] Alcyone

Players

Nanami - Winner!

  • Race: Protoss Protoss
  • Spawn Location: 7:00

Has

  • Race: Protoss Protoss
  • Spawn Location: 1:00

Event: ESL SC2 Masters 2024 Spring (Regional)

VOD

Have the link to the VOD?

Description

Time

  • Played on: April 10, 2024, 7:29 a.m.
  • Length: 7:23

All games in this series

Show
View Real Time Build Order
Export as new Build Order

Nanami Protoss - Winner!

Build Orders: Oracle Opening 

Get SALT Encoding   

  12  0:00  Probe  
  13  0:12  Probe  
  14  0:17  Pylon  
  14  0:24  Probe (Chrono Boost)  
  15  0:36  Probe (Chrono Boost)  
  15  0:37  Gateway  
  16  0:44  Probe (Chrono Boost)  
  16  0:45  Assimilator  
  17  0:51  Probe  
  18  0:58  Assimilator  
  18  1:03  Probe (Chrono Boost)  
  19  1:08  Gateway  
  19  1:13  Probe (Chrono Boost)  
  19  1:17  Probe (Chrono Boost)  
  21  1:27  Cybernetics Core  
  21  1:29  Probe  
  22  1:35  Pylon  
  22  1:41  Probe  
  23  1:53  Probe  
  24  2:04  Stalker x2  
  24  2:06  Warp Gate  
  28  2:15  Pylon  
  28  2:26  Stargate  
  28  2:34  Stalker  
  32  2:42  Stalker  
  31  3:00  Nexus  
  31  3:08  Oracle (Chrono Boost)  
  34  3:16  Probe  
  35  3:27  Pylon  
  35  3:28  Probe  
  36  3:35  Oracle (Chrono Boost)  
  39  3:45  Probe  
  39  3:57  Probe  
  39  3:58  Twilight Council  
  39  4:01  Shield Battery  
  41  4:12  Probe (Chrono Boost)  
  41  4:14  Probe (Chrono Boost)  
  41  4:16  Gateway  
  42  4:19  Gateway  
  42  4:23  Probe (Chrono Boost)  
  43  4:24  Probe (Chrono Boost)  
  44  4:32  Blink (Chrono Boost)  
  46  4:40  Stalker  
  46  4:45  Stalker  
  46  4:49  Shield Battery  
  46  4:52  Probe  
  49  4:58  Probe  
  50  5:06  Stalker  
  52  5:12  Stalker  
  52  5:13  Stalker  
  56  5:15  Probe  
  56  5:16  Probe  
  56  5:20  Stalker  
  60  5:28  Probe, Shield Battery  
  61  5:37  Pylon  
  61  5:50  Pylon, Probe  
  61  5:55  Probe  
  63  5:57  Stalker  
  63  5:58  Stalker x2  
  69  6:09  Stalker  
  69  6:13  Probe x2  
  71  6:24  Stalker x3  
  77  6:31  Shield Battery  
  73  6:36  Stalker  
  75  6:43  Probe  
  75  6:44  Assimilator  
  75  6:46  Shield Battery  
  74  6:53  Stalker x2  
  78  6:56  Shield Battery  
  78  6:59  Pylon  
  78  7:03  Pylon  
  78  7:15  Stalker x2  
Show
View Real Time Build Order
Export as new Build Order

Has Protoss 

Build Orders: Blink Stalkers 

Get SALT Encoding   

  12  0:00  Probe  
  13  0:12  Probe  
  14  0:17  Pylon  
  14  0:24  Probe (Chrono Boost)  
  15  0:36  Probe (Chrono Boost)  
  15  0:37  Gateway  
  15  0:42  Assimilator  
  16  0:45  Probe (Chrono Boost)  
  17  0:51  Assimilator  
  17  0:55  Probe  
  18  1:04  Gateway  
  18  1:08  Probe  
  19  1:20  Probe (Chrono Boost)  
  19  1:24  Cybernetics Core  
  20  1:28  Pylon  
  20  1:32  Probe (Chrono Boost)  
  21  1:37  Probe (Chrono Boost)  
  22  1:46  Probe  
  23  1:58  Probe  
  24  2:01  Warp Gate  
  24  2:03  Stalker  
  24  2:04  Stalker  
  28  2:10  Pylon  
  28  2:22  Pylon  
  28  2:30  Twilight Council  
  28  2:46  Stalker x2  
  32  3:02  Nexus  
  32  3:05  Blink (Chrono Boost)  
  32  3:24  Pylon  
  36  3:46  Gateway  
  32  3:51  Stalker, Shield Battery  
  32  3:52  Stalker  
  36  4:00  Pylon  
  36  4:05  Gateway  
  36  4:17  Stalker x2  
  40  4:31  Gateway  
  40  4:43  Stalker x2  
  44  5:00  Stalker  
  46  5:07  Stalker x2  
  50  5:18  Stalker  
  52  5:30  Stalker x2  
  56  5:40  Stalker  
  56  5:47  Stalker  
  58  5:52  Stalker  
  58  6:10  Stalker x2  
  62  6:16  Pylon  
  56  6:33  Stalker x2  
  60  6:45  Stalker x2  
  60  6:57  Stalker  
Tags
 
Add a new tag
Caveats
  • Supply blocks, unpowered buildings, or Contaminate may cause inaccurate times.
  • Supply counts are checked every 10 seconds.